 Dungeon Crawl Stone Soup version 0.27.1-1-g398f81649c (webtiles) character file.

Game seed: 6573633844656999835

500 TheGamechu the Sneak (level 7, -2/36 HPs)
             Began as a Kobold Enchanter on Sept 20, 2021.
             Killed by divine providence
             ... invoked by an orc priest
              (13 damage)
             ... on level 4 of the Dungeon on Sept 21, 2021.
             The game lasted 00:12:38 (4171 turns).

TheGamechu the Sneak (Kobold Enchanter)             Turns: 4171, Time: 00:12:39

Health: -2/36      AC:  4    Str:  5    XL:     7   Next: 40%
Magic:  5/11       EV: 16    Int: 18    God:
Gold:   169        SH:  0    Dex: 16    Spells: 9/12 levels left

rFire    . . .     SeeInvis .   i - +2 short sword (drain)
rCold    . . .     Faith    .   (shield restricted)
rNeg     . . .     Spirit   .   b - +0 robe
rPois    .         Reflect  .   (no helmet)
rElec    .         Harm     .   (no cloak)
rCorr    .         Rampage  .   w - +0 pair of gloves
Will     .....                  u - +0 pair of boots
Stlth    ++++......             (no amulet)
HPRegen  0.12/turn              (no ring)
MPRegen  0.12/turn              (no ring)

@: no status effects
A: small, no large weapons, nightstalker 3
a: no special abilities


You were on level 4 of the Dungeon.
You visited 1 branch of the dungeon, and saw 4 of its levels.

You collected 169 gold pieces.

Inventory:

Hand Weapons
 g - a +0 dagger of venom
 i - a +2 short sword of draining (weapon)
Missiles
 h - 14 poisoned darts
 q - 3 silver boomerangs
 t - 5 boomerangs
Armour
 b - a +0 robe (worn)
 o - a +3 chain mail
 u - a +0 pair of boots (worn)
 w - a +0 pair of gloves (worn)
Jewellery
 a - a ring of willpower
Wands
 s - a wand of iceblast (8)
Scrolls
 c - 5 scrolls of identify {unknown}
 e - a scroll of noise {unknown}
 j - 4 scrolls of silence {unknown}
 m - a scroll of holy word {unknown}
 n - 3 scrolls of teleportation {unknown}
 v - a scroll of blinking {unknown}
Potions
 d - a potion of lignification
 f - a potion of haste {unknown}
 k - a potion of brilliance {unknown}
 l - a potion of curing {unknown}
 p - 2 potions of ambrosia {unknown}
 r - a potion of cancellation {unknown}


   Skills:
 + Level 4.4 Short Blades
 + Level 4.5 Dodging
 + Level 6.1 Stealth
 - Level 3.0 Spellcasting
 * Level 5.0 Hexes


You had 9 spell levels left.
You knew the following spells:

 Your Spells              Type           Power      Damage    Failure   Level
a - Corona                Hex            22%        N/A       1%          1
b - Ensorcelled Hibernat  Hex/Ice        22%        N/A       9%          2

Your spell library contained the following spells:

 Spells                   Type           Power      Damage    Failure   Level
 Confusing Touch          Hex            20%        N/A       6%          3
 Tukima's Dance           Hex            20%        N/A       6%          3
 Sting                    Tmut/Pois      8%         1d3       16%         1
 Dazzling Flash           Conj/Hex       22%        N/A       17%         3
 Ice Form                 Ice/Tmut       2%         N/A       85%         4
 Storm Form               Tmut/Air       1%         N/A       100%        7
 Necromutation            Tmut/Necr      1%         N/A       100%        8


Dungeon Overview and Level Annotations

Branches:
Dungeon (4/15)
 Temple: D:4-7

Altars:


Innate Abilities, Weirdness & Mutations

You are small and have problems with some larger weapons.
You are completely attuned to the shadows.


Message History

The orc wizard is moderately wounded.
The orc wizard hits you but does no damage.
The orc priest calls upon Beogh to heal the orc wizard.
The orc wizard's wounds heal themselves!
You closely miss the orc wizard. You hit the orc wizard.
You drain the orc wizard.
The orc wizard is moderately wounded.
The orc wizard misses you. The orc priest barely misses you.
You hit the orc wizard but do no damage.
The orc wizard is moderately wounded.
The orc wizard misses you. The orc priest hits you with a +0 club.
You hit the orc wizard.
The orc wizard is heavily wounded.
The orc wizard hits you but does no damage.
The orc priest hits you but does no damage.
You hit the orc wizard but do no damage.
You drain the orc wizard.
The orc wizard is heavily wounded.
The orc wizard misses you.
The orc priest calls upon Beogh to heal the orc wizard.
The orc wizard is healed somewhat.
You hit the orc wizard.
The orc wizard is moderately wounded.
The orc wizard completely misses you.
The orc priest mumbles some strange prayers to Beogh against you.
Beogh smites you!
The orc wizard resists with significant effort.
The orc wizard completely misses you. The orc priest hits you with a +0 club.
The orc wizard resists with significant effort.
The orc wizard points at you and mumbles some strange words.
The puff of flame hits you! The orc priest closely misses you.
You are too injured to fight recklessly!
Really quaff the potion of lignification?
Okay, then.
You hit the orc priest. You drain the orc priest.
The orc priest is moderately wounded.
The orc wizard misses you.
The orc priest invokes the aid of Beogh against you.
Beogh smites you!
You die...

##. . ##..###..
......#.. ........
......... .........$)
......... ...........
....<#... .....##..#
...###.##
....@....##.....##..#
....oo....#..........
...............#.#.#.
....#.........####...
....#.......#.##.....
.. ##......#..#.....
#........##.....
..>......##.....
..........#.....


You could see an orc priest (drained) and an orc wizard (drained).

Vanquished Creatures
  An ogre (D:4)
  2 scorpions (D:4)
  A hound (D:4)
  Crazy Yiuf (D:3)
  3 orc wizards
  A gnoll (D:1)
  5 adders
  2 worms (D:2)
  2 dart slugs
  13 orcs
  12 endoplasms
  3 giant cockroaches
  10 goblins
  6 hobgoblins
  4 quokkas
  5 ball pythons
  6 bats
  4 frilled lizards
  5 kobolds
  5 rats
91 creatures vanquished.

Notes
Turn   | Place    | Note
-------+----------+-------------------------------------------
     0 | D:1      | TheGamechu the Kobold Enchanter began the quest for the
                  | Orb.
     0 | D:1      | Reached XP level 1. HP: 10/10 MP: 3/3
   324 | D:1      | Reached XP level 2. HP: 15/15 MP: 5/5
   879 | D:1      | Got the Volume of Changing and Toxins
   897 | D:1      | Learned a level 2 spell: Ensorcelled Hibernation
  1068 | D:1      | Reached XP level 3. HP: 19/19 MP: 6/6
  1280 | D:1      | Found a faded altar of an unknown god.
  1692 | D:2      | Reached XP level 4. HP: 24/24 MP: 6/8
  2779 | D:2      | Reached XP level 5. HP: 23/28 MP: 9/9
  2786 | D:2      | Reached skill level 5 in Stealth
  3258 | D:3      | Found a runed translucent door.
  3261 | D:3      | Noticed Crazy Yiuf
  3266 | D:3      | Killed Crazy Yiuf
  3614 | D:4      | Reached XP level 6. HP: 32/32 MP: 10/10
  3962 | D:4      | Noticed an ogre
  3966 | D:4      | Killed an ogre
  3967 | D:4      | Reached skill level 6 in Stealth
  3967 | D:4      | Reached XP level 7. HP: 36/36 MP: 11/11
  4160 | D:4      | Reached skill level 5 in Hexes
  4171 | D:4      | Killed from afar by an orc priest

Illustrated notes

Levels and vault maps discovered:
D:1:      sevenhm_arrival_forest_fort_large_2, layout_loops_ring,
          chequers_ecumenical_altar_grove, minivault_24
D:2:      layout_basic
D:3:      layout_basic, uniq_crazy_yiuf_cottage
D:4:      layout_cave_pools

Skill      XL: |  1  2  3  4  5  6  7 |
---------------+----------------------+-----
Short Blades   | 2 3 4 |  4.4
Dodging        | 3 4 |  4.5
Spellcasting   | 3 |  3.0
Stealth        | 5 6 |  6.1
Hexes          | 4 5 |  5.0

Action                   |  1- 3 |  4- 6 |  7- 9 || total
-------------------------+-------+-------+-------++-------
Melee: Dagger            |    66 |    26 |       ||    92
       Short sword       |       |   106 |    27 ||   133
 Cast: Corona            |     3 |       |       ||     3
       Ensorcelled Hiber |     3 |     8 |     4 ||    15
  Use: Potion            |     1 |       |       ||     1
 Stab: Sleeping          |    18 |    30 |     4 ||    52
Armor: Robe              |     2 |    10 |     7 ||    19
       Skin              |     4 |       |       ||     4
Dodge: Dodged            |    32 |    61 |    22 ||   115
